 Dungeon Crawl Stone Soup version 0.31-a0-233-g139696dc86 (webtiles) character file.

Game seed: 807688759711010877

86 qw the Shooter (level 4, 0/26 HPs)
             Began as a Gargoyle Hexslinger on July 7, 2023.
             Killed by nerve-wracking pain
             ... invoked by an orc priest
              (7 damage)
             ... on level 3 of the Dungeon.
             The game lasted 00:00:38 (1436 turns).

qw the Shooter (Gargoyle Hexslinger)                Turns: 1436, Time: 00:00:39

Health: 0/26       AC:  8    Str: 12    XL:     4   Next: 49%
Magic:  5/5        EV: 11    Int: 13    God:
Gold:   91         SH:  0    Dex: 26    Spells: 4/5 levels left

rFire   + . .        Y - +2 sling
rCold   + . .        (no shield)
rNeg    + . .        g - +0 ring mail
rPois   inf          (no helmet)
rElec   +            e - scarf {rC+ rF+}
rCorr   .            (no gloves)
SInv    .            (no boots)
Will    .....        (no amulet)
Stlth   +            f - +6 ring of dexterity
HPRegen 0.24/turn    k - +6 ring of dexterity
MPRegen 0.09/turn

%: no passive effects
@: no status effects
A: sickness immunity, AC +3, negative energy resistance 1, electricity
resistance, torment resistance 1, petrification resistance
a: no special abilities


You were on level 3 of the Dungeon.
You visited 1 branch of the dungeon, and saw 3 of its levels.

You collected 91 gold pieces.


Innate Abilities, Weirdness & Mutations

You are immune to sickness and miasma.
Your stone body is resilient. (AC +3)
You are immune to poison.
You resist negative energy. (rN+)
You are resistant to electric shocks. (rElec)
You are resistant to unholy torment.
You are immune to petrification.


   Skills:
 - Level 2.0 Fighting
 - Level 4.2 Ranged Weapons
 + Level 0.1 Armour
 - Level 1.5 Dodging
 - Level 1.0 Spellcasting
 - Level 2.6 Hexes


You had 4 spell levels left.
You knew the following spells:

 Your Spells              Type           Power      Damage    Failure   Level
a - Slow                  Hex            28%        N/A       22%         1

Your spell library contained the following spells:

 Spells                   Type           Power      Damage    Failure   Level
 Inner Flame              Hex/Fire       4%         N/A       73%         3
 Portal Projectile        Hex/Tloc       8%         N/A       73%         3
 Cause Fear               Hex            3%         N/A       91%         4

Inventory:

Hand Weapons
 Y - a +2 sling (weapon)
Armour
 e - a scarf of resistance (worn)
 g - a +0 ring mail (worn)
Jewellery
 f - a +6 ring of dexterity (left hand)
 k - a +6 ring of dexterity (right hand)
Scrolls
 a - a scroll of amnesia {unknown}
 c - a scroll of enchant armour {unknown}
 n - a scroll of identify
Potions
 b - a potion of heal wounds {unknown}
 d - a potion of degeneration {unknown}
 h - a potion of curing {unknown}
 m - a potion of mutation {unknown}
 o - a potion of might {unknown}

Dungeon Overview and Level Annotations

Branches:
Dungeon (3/15)

Altars:


Message History

The orc priest moves out of view.
An orc comes into view. It is wielding a +0 hand axe.
You shoot a sling bullet. The sling bullet barely misses the orc.
The orc shouts!
You hear a shout!
You shoot a sling bullet. The sling bullet hits the orc.
The orc is severely wounded.
You shoot a sling bullet. The sling bullet hits the orc.
The orc is heavily wounded.
An orc comes into view. It is wielding a +0 flail.
You shoot a sling bullet. The sling bullet hits the orc.
You kill the orc!
You shoot a sling bullet. The sling bullet barely misses the orc.
You shoot a sling bullet.
The sling bullet closely misses the orc.
The orc priest shouts!
The orc hits you with a +0 hand axe.
The orc priest calls down the wrath of Beogh upon you.
Beogh smites you!
You shoot a sling bullet. The sling bullet barely misses the orc.
The orc priest hits you with a +1 whip of flaming.
The orc misses you.
You shoot a sling bullet. The sling bullet hits the orc.
You kill the orc!
The orc priest closely misses you.
You shoot a sling bullet. The sling bullet hits the orc priest!
You kill the orc priest!
Your Ranged Weapons skill increases to level 4!
You have reached level 4!
You feel stronger.
You shoot a sling bullet. The sling bullet hits the orc.
You kill the orc!
You shoot a sling bullet.
The sling bullet barely misses the orc priest.
The orc priest invokes the aid of Beogh against you.
Pain shoots through your body!
You shoot a sling bullet.
The sling bullet closely misses the orc priest.
The orc priest mumbles some strange prayers to Beogh against you.
Pain shoots through your body!
You die...

#.<.## #.# ##.## #.# #.#
#.# #.# #.# ##'##
#.###### #...## #.##...#
.....## #....#.# ......#
#.##...# .......#
#...##@## .......+
.......)o......
.......####..).......##.
......## ##.###.###.#
.....## #... ..# #
#..%## #... ... #+## ###


You could see an orc priest.

Vanquished Creatures
  An orc priest (D:3)
  A worm (D:2)
  2 dart slugs
  3 orcs (D:3)
  2 giant cockroaches (D:2)
  3 goblins (D:1)
  7 hobgoblins
  2 jackals (D:1)
  3 kobolds (D:1)
  2 quokkas
  4 ball pythons
  6 bats
  A frilled lizard (D:1)
  8 rats
45 creatures vanquished.

Notes
Turn   | Place    | Note
-------+----------+-------------------------------------------
     0 | D:1      | qw the Gargoyle Hexslinger began the quest for the Orb.
     0 | D:1      | Reached XP level 1. HP: 12/12 MP: 2/2
     0 | D:1      | 0 ||| qw: Version: 0.3-a-46-gb1f654a
     0 | D:1      | 0 ||| qw: Game counter: 3318
     0 | D:1      | 0 ||| qw: Melee chars always use a shield: true
     0 | D:1      | 0 ||| qw: God list: Okawaru
     0 | D:1      | 0 ||| qw: Allow faded altars: false
     0 | D:1      | 0 ||| qw: Do Orc after clearing Dungeon:15 true
     0 | D:1      | 0 ||| qw: Do second Lair branch before Depths: true
     0 | D:1      | 0 ||| qw: Lair rune preference: random
     0 | D:1      | 0 ||| qw: Goals: Normal
     0 | D:1      | 0 ||| PLANNING D:1-11
   174 | D:1      | Found a faded altar of an unknown god.
   181 | D:1      | Reached XP level 2. HP: 16/16 MP: 3/3
   248 | D:1      | Reached skill level 3 in Ranged Weapons
   445 | D:1      | 445 ||| UPGRADING to +0 leather armour.
   455 | D:1      | 455 ||| DROPPING +0 robe.
   456 | D:1      | 456 ||| UPGRADING to scarf of resistance.
   461 | D:1      | 461 ||| UPGRADING to +0 ring mail.
   471 | D:1      | 471 ||| DROPPING +0 leather armour.
   472 | D:1      | 472 ||| UPGRADING to +6 ring of dexterity.
   473 | D:1      | 473 ||| UPGRADING to +6 ring of dexterity.
   474 | D:1      | 474 ||| DROPPING ring of wizardry.
   475 | D:1      | 475 ||| READING scroll labelled ZUVI NIOS SEI.
   476 | D:1      | 476 ||| READING scroll labelled HIDOARUFFEJEA.
   477 | D:1      | 477 ||| READING 2 scrolls labelled WOXEJY LYLLUS.
   478 | D:1      | 478 ||| DROPPING scroll of poison.
   554 | D:2      | Reached XP level 3. HP: 21/21 MP: 4/4
  1327 | D:2      | 1327 ||| DROPPING +6 ring of strength.
  1328 | D:2      | 1328 ||| READING scroll labelled ZEQUEGR LOMM.
  1329 | D:2      | 1329 ||| READING 2 scrolls of identify.
  1329 | D:2      | 1329 ||| IDENTIFYING murky grey potion
  1330 | D:2      | 1330 ||| DROPPING potion of ambrosia.
  1434 | D:3      | Reached skill level 4 in Ranged Weapons
  1434 | D:3      | Reached XP level 4. HP: 10/26 MP: 5/5
  1436 | D:3      | Killed from afar by an orc priest

Levels and vault maps discovered:
D:1:      roderic_dead_forest, layout_rooms, ebering_ecumenical_altar_ruins,
          minmay_tetromino_l4
D:2:      layout_basic, minmay_door_square
D:3:      layout_loops_corners

Skill      XL: |  1  2  3 |
---------------+----------+-----
Ranged Weapons | 3 4 |  4.2
Fighting       | 2 |  2.0
Armour         | |  0.1
Dodging        | |  1.5
Spellcasting   | |  1.0
Hexes          | |  2.6

Action                     |  1- 3 |  4- 6 || total
---------------------------+-------+-------++-------
   Fire: Sling             |   139 |     3 ||   142
    Use: Scroll            |     5 |       ||     5
 Armour: Robe              |     8 |       ||     8
         Ring mail         |    14 |       ||    14
  Dodge: Dodged            |    27 |       ||    27

Table legend:
 A = Non-vault XP
 B = Vault XP
 C = Vault XP percentage of total XP
 D = Non-vault monster count
 E = Vault monster count
 F = Vault count percentage of total count
                 A         B        C        D         E       F
            +---------+---------+-------+---------+---------+-------
      Total |     119 |       4 |   3.3 |      42 |       3 |   6.7
            +---------+---------+-------+---------+---------+-------
        D:1 |      29 |       4 |  12.1 |      18 |       3 |  14.3
        D:2 |      33 |       0 |   0.0 |      16 |       0 |   0.0
        D:3 |      57 |       0 |   0.0 |       8 |       0 |   0.0
            +---------+---------+-------+---------+---------+-------
